 Dungeon Crawl Stone Soup version 0.27-a0-1321-gd358eaa319 (webtiles) character file.

Game seed: 12110798332901008003

179 Nattfarinn the Chopper (level 5, 0/48 HPs)
             Began as a Hill Orc Gladiator on June 22, 2021.
             Slain by a water moccasin (3 damage)
             ... on level 4 of the Dungeon.
             The game lasted 00:05:13 (3273 turns).

Nattfarinn the Chopper (Hill Orc Gladiator)         Turns: 3273, Time: 00:05:13

Health: 0/48       AC:  9    Str: 17    XL:     5   Next: 59%
Magic:  5/5        EV:  7    Int:  8    God:
Gold:   113        SH:  0    Dex: 13    Spells: 4/4 levels left

rFire    . . .     SeeInvis .   a - +2 halberd (venom)
rCold    . . .     Faith    .   (shield currently unavailable)
rNeg     . . .     Spirit   .   n - +0 chain mail
rPois    .         Reflect  .   c - +0 helmet
rElec    .         Harm     .   (no cloak)
rCorr    .         Rampage  .   (no gloves)
Will     .....                  (no boots)
Stlth    ..........             (no amulet)
HPRegen  0.16/turn              (no ring)
MPRegen  0.09/turn              (no ring)

@: lethally poisoned (0 -> -28)
A: no striking features
a: no special abilities


You were on level 4 of the Dungeon.
You visited 1 branch of the dungeon, and saw 4 of its levels.

You collected 113 gold pieces.

Inventory:

Hand Weapons
 a - a +2 halberd of venom (weapon)
 k - a +4 hand axe
Missiles
 d - 2 throwing nets (quivered)
Armour
 c - a +0 helmet (worn)
 n - a +0 chain mail (worn)
Scrolls
 b - a scroll of fear {unknown}
 e - 3 scrolls of noise {unknown}
 h - a scroll of holy word {unknown}
 i - a scroll of teleportation {unknown}
 j - 4 scrolls of identify {unknown}
 l - a scroll of amnesia {unknown}
 m - a scroll of magic mapping {unknown}
Potions
 f - 2 potions of flight {unknown}
 g - 2 potions of curing {unknown}
 o - a potion of haste {unknown}


   Skills:
 + Level 5.3 Fighting
 - Level 5.3 Axes
 * Level 0.0(2.6) Polearms
 - Level 1.7 Throwing
 * Level 2.1 Armour
 - Level 2.4 Dodging


You had 4 spell levels left.
You didn't know any spells.
Your spell library contained the following spells:

 Spells                   Type           Power      Damage    Failure   Level
 Beastly Appendage        Tmut           0%         N/A       100%        1
 Pain                     Necr           0%         1d4       100%        1
 Wereblood                Tmut           0%         N/A       100%        2
 Spider Form              Tmut/Pois      0%         N/A       100%        3
 Ice Form                 Ice/Tmut       0%         N/A       100%        4


Dungeon Overview and Level Annotations

Branches:
Dungeon (4/15)
 Temple: D:4-7

Altars:
Kikubaaqudgha
Sif Muna
Vehumet


Message History

You barely miss the water moccasin. The water moccasin barely misses you.
The water moccasin closely misses you.
You miss the water moccasin.
The water moccasin bites you but does no damage.
The water moccasin closely misses you.
You closely miss the water moccasin.
The water moccasin completely misses you.
The water moccasin bites you but does no damage.
You closely miss the water moccasin. The water moccasin barely misses you.
The water moccasin bites you.
You are poisoned.
The water moccasin poisons you!
You closely miss the water moccasin.
You feel very sick. The water moccasin barely misses you.
You closely miss the water moccasin.
You feel very sick. The water moccasin bites you.
You are more poisoned.
The water moccasin poisons you!
The water moccasin bites you but does no damage.
Your chain mail prevents you from hitting the water moccasin.
You feel very sick.
The water moccasin bites you but does no damage.
The water moccasin bites you.
You are lethally poisoned!
The water moccasin poisons you!
You slash the water moccasin!
The water moccasin is heavily wounded.
You feel extremely sick. The water moccasin bites you.
* * * LOW HITPOINT WARNING * * *
You are more poisoned.
The water moccasin poisons you! The water moccasin closely misses you.
You miss the water moccasin.
The water moccasin is heavily wounded.
* * * LOW HITPOINT WARNING * * *
You feel extremely sick. The water moccasin bites you.
You die...

. .. ... ....
#####..... .
#........#
...#####.@S.....#
................#
.......<........+
.............>..#
........####....#
###.....# ....#
####### ...# ...#


You could see a water moccasin.

Vanquished Creatures
  A centaur skeleton (D:3)
  Robin (D:2)
  4 gnolls (D:3)
  3 adders
  A shadow imp (D:3)
  A dart slug (D:2)
  4 bats
  6 endoplasms
  3 giant cockroaches
  13 goblins
  7 hobgoblins
  3 quokkas
  7 ball pythons
  A frilled lizard (D:1)
  5 kobolds
  4 rats
64 creatures vanquished.

Notes
Turn   | Place    | Note
-------+----------+-------------------------------------------
     0 | D:1      | Nattfarinn the Hill Orc Gladiator began the quest for the
                  | Orb.
     0 | D:1      | Reached XP level 1. HP: 18/18 MP: 1/1
   160 | D:1      | Found a faded altar of an unknown god.
   174 | D:1      | Reached XP level 2. HP: 24/26 MP: 2/2
  1032 | D:2      | Reached XP level 3. HP: 32/33 MP: 3/3
  1282 | D:2      | Noticed Robin
  1307 | D:2      | Killed Robin
  1477 | D:2      | Reached XP level 4. HP: 41/41 MP: 4/4
  1735 | D:2      | Reached skill level 5 in Axes
  2384 | D:3      | Reached skill level 1 in Armour
  2571 | D:3      | Reached skill level 5 in Fighting
  2571 | D:3      | Reached XP level 5. HP: 39/48 MP: 5/5
  3131 | D:3      | Found an ancient bone altar of Kikubaaqudgha.
  3137 | D:3      | Found a shimmering blue altar of Sif Muna.
  3138 | D:3      | Found a radiant altar of Vehumet.
  3140 | D:3      | Identified Kikubaaqudgha's Compendium of Darkness
  3261 | D:4      | Noticed a water moccasin
  3273 | D:4      | Slain by a water moccasin

Illustrated notes

Levels and vault maps discovered:
D:1:      wander_arrival_lonely_grave, layout_basic,
          hellmonk_ecumenical_altar_crossroads, chequers_serial_rivers_small_b,
          minmay_misc_feat_x
D:2:      layout_loops_cross, dk_noncrumbling_4, uniq_robin
D:3:      layout_basic, grunt_temple_overflow_magic_moments
D:4:      layout_gridville, riverfiend_overflow_shadow_ancestor,
          zin_scriptorium, nicolae_elyvilon_temple_path,
          minmay_temple_entry_large_hall, minmay_crystal_water,
          kennysheep_cluttered_room

Skill      XL: |  1  2  3  4  5 |
---------------+----------------+-----
Fighting       | 3 4 5 |  5.3
Axes           | 5 |  5.3
Armour         | 1 2 |  2.1
Throwing       | |  1.7
Dodging        | |  2.4

Action                   |  1- 3 |  4- 6 || total
-------------------------+-------+-------++-------
Melee: War axe           |    99 |       ||    99
       Hand axe          |     7 |    73 ||    80
       Halberd           |       |    11 ||    11
Throw: Throwing net      |       |     1 ||     1
Armor: Leather armour    |    32 |     5 ||    37
       Chain mail        |       |    21 ||    21
Dodge: Dodged            |    70 |    50 ||   120

Table legend: (Time is in decaauts)
 A = Elapsed time spent in this place.
 B = Non-inter-level travel time spent in this place.
 C = Inter-level travel time spent in this place.
 D = Time resting spent in this place.
 E = Time spent auto-exploring this place.
 F = Levels seen in this place.
 G = Mean time per level.
                   A        B        C        D        E       F      G
               +--------+--------+--------+--------+--------+-----+--------+
         Total |   3310 |   3198 |    112 |    208 |   2535 |   4 |  827.5 |
       Dungeon |   3310 |   3198 |    112 |    208 |   2535 |   4 |  827.5 |
               +--------+--------+--------+--------+--------+-----+--------+

Top non-repeatable levels by time:
     D:2: 1175 daAuts
     D:3: 1094 daAuts
     D:1: 1025 daAuts
     D:4: 15 daAuts
